Map: Tourmaline LE

Players

SpeCial

  • Race: Terran Terran
  • League: Grandmaster
  • Spawn Location: 1:00

A.I. 1 (Very Easy) - Winner!

  • Race: Zerg Zerg
  • Spawn Location: 7:00

VOD

Have the link to the VOD?

Description

Time

  • Played on: Jan. 4, 2026, 11:05 a.m.
  • Length: 7:18
Show
View Real Time Build Order
Export as new Build Order

SpeCial Terran 

Build Orders: Reaper Expand 

Get SALT Encoding   

  12  0:00  SCV  
  13  0:13  SCV  
  14  0:17  Supply Depot  
  14  0:25  SCV  
  15  0:38  SCV  
  15  0:40  Barracks  
  16  0:44  Refinery  
  16  0:50  SCV  
  17  1:03  SCV  
  18  1:15  SCV  
  19  1:28  Reaper, Orbital Command  
  20  1:39  Command Center  
  20  1:48  Supply Depot  
  20  1:54  SCV  
  20  2:00  Marine  
  22  2:06  SCV  
  23  2:12  Factory  
  23  2:18  SCV  
  23  2:21  Barracks Reactor  
  24  2:31  SCV  
  25  2:39  Command Center  
  25  2:43  SCV  
  26  2:52  Orbital Command  
  26  2:55  SCV  
  27  2:58  Starport  
  27  3:04  Refinery  
  27  3:07  SCV  
  28  3:16  Hellion x2  
  28  3:17  Barracks Tech Lab  
  28  3:19  SCV  
  33  3:22  SCV  
  34  3:32  SCV  
  35  3:34  SCV  
  35  3:38  Hellion  
  35  3:39  Hellion  
  40  3:43  Banshee, Barracks Tech Lab  
  40  3:44  SCV  
  40  3:47  SCV  
  45  3:52  Orbital Command  
  45  3:56  SCV  
  45  3:59  SCV  
  47  4:02  Marine  
  47  4:03  Stimpack  
  47  4:05  Barracks  
  47  4:08  SCV  
  49  4:11  Barracks  
  49  4:13  Factory Reactor  
  49  4:15  SCV  
  50  4:19  SCV  
  50  4:20  SCV, Marine  
  53  4:25  Supply Depot  
  53  4:27  SCV  
  54  4:31  SCV  
  54  4:32  SCV  
  54  4:33  Starport Reactor  
  54  4:38  Marine  
  56  4:40  SCV  
  56  4:42  Refinery  
  56  4:43  SCV  
  56  4:44  Refinery  
  59  4:47  SCV  
  59  4:48  Supply Depot  
  59  4:52  SCV  
  61  4:55  Engineering Bay  
  61  4:56  Engineering Bay  
  61  4:57  SCV  
  61  4:59  SCV  
  63  5:04  SCV  
  64  5:07  Marine x2  
  64  5:08  Marine x3  
  64  5:10  SCV  
  64  5:11  Supply Depot  
  64  5:12  SCV  
  64  5:13  Orbital Command  
  71  5:16  Medivac x2  
  75  5:25  Marine x2  
  77  5:30  Supply Depot  
  77  5:32  Marine x3  
  77  5:33  SCV x2  
  82  5:42  SCV  
  83  5:43  Marine x2  
  83  5:44  Combat Shield  
  85  5:52  Marine x3, SCV, Siege Tank  
  85  5:54  Supply Depot  
  85  5:55  Supply Depot  
  92  5:57  SCV, Supply Depot  
  93  6:11  Marine x3, Medivac x2, SCV  
  101  6:15  Marine x2  
  101  6:16  SCV  
  101  6:18  SCV, Supply Depot, Barracks  
  105  6:20  Supply Depot, Barracks  
  105  6:23  SCV  
  106  6:26  Siege Tank  
  106  6:28  SCV, Marine x3  
  106  6:30  SCV  
  114  6:33  Marine x2  
  114  6:35  SCV  
  114  6:37  Supply Depot  
  114  6:38  Refinery  
  117  6:40  SCV  
  117  6:42  SCV, Factory  
  117  6:46  Marine x3  
  122  6:47  SCV  
  122  6:51  Marine x2  
  122  6:52  SCV  
  127  6:54  SCV, Supply Depot  
  127  6:56  Armory  
  136  7:12  Barracks Reactor  
  136  7:13  Supply Depot, Barracks Reactor  
Show
View Real Time Build Order
Export as new Build Order

A.I. 1 (Very Easy) Zerg - Winner!

Build Orders: Pool First 

Get SALT Encoding   

  12  0:01  Drone  
  13  0:12  Overlord  
  13  0:16  Drone  
  14  0:35  Spawning Pool  
  13  0:36  Extractor  
  13  0:39  Drone  
  13  0:46  Drone  
  14  0:51  Overlord  
  14  1:21  Queen  
  14  1:22  Zergling x2  
  17  1:33  Roach Warren  
  17  1:35  Drone  
  17  1:40  Extractor  
  17  1:41  Zergling x2  
  17  1:44  Drone  
  18  1:57  Drone  
  18  2:01  Zergling x2  
  20  2:08  Drone  
  21  2:18  Drone  
  22  2:28  Drone  
  23  2:30  Overlord  
  23  2:35  Drone  
  24  2:42  Drone  
  25  3:55  Zergling x2  
  25  5:53  Drone  
  25  5:54  Roach, Lair  
  28  6:01  Drone  
  28  6:08  Drone  
  29  6:15  Drone  
  29  6:16  Overlord  
  30  6:22  Drone  
  29  6:29  Drone  
  30  6:33  Ravager, Zergling x2  
  32  6:51  Overseer x2  
  32  7:09  Hatchery  
Tags
 
Add a new tag
Caveats
  • Supply blocks, unpowered buildings, or Contaminate may cause inaccurate times.
  • Supply counts are checked every 10 seconds.